 Dungeon Sprint DCSS version 0.22-a0-542-gce4f928 (webtiles) character file.

24294 raistware the Imperceptible (level 12, -3/53 HPs)
             Began as a Spriggan Assassin on June 24, 2018.
             Was a High Priest of Fedhas.
             Shot with a bolt by an orc knight (20 damage)
             ... in the Dungeon (Sprint VII: "The Pits").
             The game lasted 00:33:41 (2463 turns).

raistware the Imperceptible (Spriggan Assassin)     Turns: 2463, Time: 00:33:41

Health: -3/53      AC:  7    Str:  7    XL:     12   Next: 79%
Magic:  7/18       EV: 38    Int: 16    God:    Fedhas [*****.]
Gold:   50         SH:  0    Dex: 22    Spells: 11/11 levels left

rFire    . . .     SeeInvis +   y - +2 rapier (elec)
rCold    . . .     Gourm    .   (shield restricted)
rNeg     . . .     Faith    .   c - +0 robe
rPois    .         Spirit   .   H - +1 hat
rElec    .         Reflect  .   d - +0 cloak
rCorr    .         Harm     .   (gloves unavailable)
MR       ++...     NoTele   +   (boots unavailable)
Stlth    +++++++++.             (no amulet)
HPRegen  0.17/turn              x - +3 ring of protection
MPRegen  0.16/turn              w - +3 ring of intelligence

@: very quick
A: very small, unfitting armour, see invisible, herbivore, speed 3, slow
metabolism 2
a: Fungal Bloom, Evolution, Sunlight, Growth, Reproduction, Rain, Renounce
Religion


You were in the Dungeon.
You worshipped Fedhas.
Fedhas was extremely pleased with you.
You were not hungry.

You visited 1 branch You collected 50 gold pieces.

Inventory:

Hand Weapons
 a - a +2 dagger
 b - a +0 blowgun
 u - a +1 long sword of flaming
 y - a +2 rapier of electrocution (weapon)
 F - a +4 shortbow of flaming
Missiles
 e - 8 poisoned needles
 s - 13 stones (quivered)
 G - 34 arrows
Armour
 c - a +0 robe (worn)
 d - a +0 cloak (worn)
 H - a +1 hat (worn)
Jewellery
 w - a +3 ring of intelligence (right hand)
 x - a +3 ring of protection (left hand)
 A - an uncursed ring of positive energy
 B - an uncursed ring of protection from fire
Wands
 q - a wand of digging (8)
Scrolls
 m - 4 scrolls of blinking
 o - 4 scrolls of remove curse
 p - 5 scrolls of amnesia
 r - 2 scrolls of vulnerability
 t - a scroll of identify
 D - 4 scrolls of enchant weapon
 E - 6 scrolls of enchant armour
Potions
 h - 11 potions of curing
 i - 5 potions of heal wounds
 j - 2 potions of haste
 k - 4 potions of magic
 l - 2 potions of berserk rage
 v - 3 potions of might
 z - 2 potions of brilliance
 C - 3 potions of agility
Miscellaneous
 n - a phial of floods
Comestibles
 g - 6 rations


   Skills:
 - Level 1.5 Fighting
 - Level 12.3(15.6) Short Blades
 - Level 12.8(14.0) Long Blades
 + Level 10.6 Throwing
 + Level 21.3 Dodging
 + Level 25.8 Stealth
 + Level 6.7 Invocations
 + Level 6.6 Evocations


You had 11 spell levels left.
You didn't know any spells.
Your spell library was empty.

Dungeon Overview and Level Annotations

Branches:
Dungeon (1/1)

Altars:
Ashenzari
Cheibriados
Dithmenos
Elyvilon
Fedhas
Gozag
Hepliaklqana
Kikubaaqudgha
Makhleb
Nemelex Xobeh
Okawaru
Qazlal
Ru
Sif Muna
Trog
Uskayaw
Vehumet
Wu Jian
Xom
Yredelemnul
Zin
The Shining One
Beogh
Jiyva
Lugonu


Innate Abilities, Weirdness & Mutations

You are very small and have problems with some larger weapons.
You are too small for most types of armour.
You have supernaturally acute eyesight. (SInv)
You are a herbivore.
You cover ground extremely quickly.
You need to consume almost no food.


Message History

Lightning courses through the orc warlord!
You kill the orc warlord!
Your Evocations skill increases to level 6!
An orc comes into view.
The orc knight barely misses the ice dragon.
The orc knight hits the active ballistomycete with a battleaxe!!
The active ballistomycete is destroyed!
You hit the orc knight.
Lightning courses through the orc knight!
The orc knight is heavily wounded.
You strike the helpless orc knight from behind!
You spit the orc knight like a pig!!!
Lightning courses through the orc knight!
You kill the orc knight!
The orc warlord seems less confused.
The orc knight no longer looks unusually strong.
A vault guard comes into view. It is wielding a long sword.
The orc knight shoots a bolt.
The bolt hits you!!
You die...
Fedhas appreciates your contribution to the ecosystem.

...# ...# #..# ...+ ff.+ #f'#
#''##############################
#..f..f......)..)ff)o......f.....
#..........)....@)P÷......f...f.f
#..##############)o##############
#..# #.(o)..# # #..# #..o.o.# #
#..# #)PoDo.# # #..# ###io### #
#..# .o)..o # #..# ..p.o.oo #
#f.# ##..o≈### #


You could see 2 orc warlords, an ice dragon (confused), a vault guard, 5 orc
knights, a spriggan berserker, an orc warrior, an orc priest, an orc and 2
friendly wandering mushrooms.

Vanquished Creatures
  A nagaraja (D)
  An orc warlord (D)
  A minotaur (D)
  Josephine (D)
  A vault guard (D)
  Harold (D)
  Erolcha (D)
  A two-headed ogre (D)
  A death knight (D)
  A centaur warrior (D)
  4 death yaks (D)
  A deep elf knight (D)
  An orc high priest (D)
  An unseen horror (D)
  A wizard (D)
  2 lindwurms (D)
  5 orc knights (D)
  A swamp dragon (D)
  2 phantasmal warriors (D)
  An orc sorcerer (D)
  A manticore (D)
  An elephant (D)
  An orange demon (D)
  A black mamba (D)
  A spiny frog (D)
  A rime drake (D)
  A freezing wraith (D)
  A hellwing (D)
  2 ice devils (D)
  A tyrant leech (D)
  A polar bear (D)
  A merfolk (D)
  A hippogriff (D)
  4 wandering mushrooms (D)
  A flying skull (D)
  A spriggan (D)
  5 wraiths (D)
  An air elemental (D)
  A redback (D)
  3 yaks (D)
  A fire bat (D)
  A fire elemental (D)
  A steam dragon (D)
  An acid dragon (D)
  A floating eye (D)
  5 hell hounds (D)
  An ice beast (D)
  A sky beast (D)
  A swamp drake (D)
  5 orc warriors (D)
  An eye of draining (D)
  A necrophage (D)
  A phantom (D)
  A wolf (D)
  An orc priest (D)
  A jelly (D)
  4 orc wizards (D)
  An iguana (D)
  A mummy (D)
  A gnoll (D)
  3 ufetubi (D)
  7 orcs (D)
  2 bat zombies (D)
  2 goblins (D)
  2 hobgoblins (D)
  2 kobolds (D)
  A quokka (D)
  2 ball pythons (D)
  2 bats (D)
  A bat simulacrum (D)
  A giant cockroach zombie (D)
  2 ballistomycetes (D)
  A ballistomycete spore (D)
118 creatures vanquished.

Vanquished Creatures (collateral kills)
  Gastronok (D)
  A hydra (D)
  2 gargoyles (D)
  2 yaks (D)
  An orc warrior (D)
  A centaur (D)
  An ufetubus (D)
  2 orcs (D)
  2 ballistomycete spores (D)
13 creatures vanquished.

Vanquished Creatures (others)
  2 oklob plants (D)
  19 wandering mushrooms (D)
  A bog body (D)
  An orc (D)
  2 ballistomycetes (D)
  2 ballistomycete spores (D)
  44 toadstools (D)
71 creatures vanquished.

Grand Total: 202 creatures vanquished

Notes
Turn   | Place    | Note
-------+----------+-------------------------------------------
     0 | D        | raistware the Spriggan Assassin began the quest for the Orb.
     0 | D        | Reached XP level 1. HP: 10/10 MP: 2/2
    19 | D        | Reached skill level 7 in Stealth
    50 | D        | Found a glowing golden altar of the Shining One.
    50 | D        | Found a glowing silver altar of Zin.
    50 | D        | Found a basalt altar of Yredelemnul.
    50 | D        | Found a shimmering altar of Xom.
    50 | D        | Found an ornate altar of the Wu Jian Council.
    50 | D        | Found a bloodstained altar of Trog.
    50 | D        | Found a deep blue altar of Sif Muna.
    50 | D        | Found a sacrificial altar of Ru.
    50 | D        | Found a stormy altar of Qazlal.
    50 | D        | Found an iron altar of Okawaru.
    50 | D        | Found a sparkling altar of Nemelex Xobeh.
    50 | D        | Found a burning altar of Makhleb.
    50 | D        | Found a viscous altar of Jiyva.
    50 | D        | Found a hazy altar of Hepliaklqana.
    50 | D        | Found an opulent altar of Gozag.
    50 | D        | Found a blossoming altar of Fedhas.
    50 | D        | Found a white marble altar of Elyvilon.
    50 | D        | Found a shadowy altar of Dithmenos.
    50 | D        | Found a snail-covered altar of Cheibriados.
    51 | D        | Found a radiant altar of Vehumet.
    51 | D        | Found a corrupted altar of Lugonu.
    51 | D        | Found a roughly hewn altar of Beogh.
    52 | D        | Found an ancient bone altar of Kikubaaqudgha.
    52 | D        | Found a hide-covered altar of Uskayaw.
    52 | D        | Found a shattered altar of Ashenzari.
    61 | D        | Became a worshipper of Fedhas Madash
    78 | D        | Reached * piety under Fedhas
    85 | D        | Reached XP level 2. HP: 13/14 MP: 3/3
   107 | D        | Reached skill level 8 in Stealth
   118 | D        | Reached XP level 3. HP: 16/18 MP: 4/4
   135 | D        | Reached ** piety under Fedhas
   237 | D        | Noticed a fire bat
   238 | D        | Noticed an ice beast
   241 | D        | Killed an ice beast
   241 | D        | Reached skill level 5 in Short Blades
   241 | D        | Reached skill level 11 in Stealth
   241 | D        | Reached XP level 4. HP: 22/22 MP: 5/5
   251 | D        | Killed a fire bat
   251 | D        | Reached skill level 13 in Stealth
   251 | D        | Reached XP level 5. HP: 18/25 MP: 6/6
   251 | D        | Reached XP level 6. HP: 22/30 MP: 7/7
   317 | D        | Reached skill level 14 in Stealth
   334 | D        | Noticed an elephant
   336 | D        | Killed an elephant
   336 | D        | Reached skill level 5 in Long Blades
   336 | D        | Reached skill level 10 in Dodging
   336 | D        | Reached skill level 16 in Stealth
   336 | D        | Reached XP level 7. HP: 27/33 MP: 8/8
   348 | D        | Reached *** piety under Fedhas
   354 | D        | Noticed a manticore
   360 | D        | Killed a manticore
   360 | D        | Reached skill level 17 in Stealth
   360 | D        | Reached XP level 8. HP: 32/37 MP: 9/9
   365 | D        | Reached **** piety under Fedhas
   466 | D        | Noticed a bog body
   467 | D        | Noticed a black mamba
   510 | D        | Killed a black mamba
   510 | D        | Reached skill level 18 in Stealth
   524 | D        | Killed a bog body
   524 | D        | Reached ***** piety under Fedhas
   619 | D        | Noticed an orc high priest
   621 | D        | Noticed a smoke demon
   621 | D        | Noticed an orange demon
   637 | D        | Reached skill level 10 in Short Blades
   640 | D        | Noticed a rust devil
   669 | D        | Killed an orc high priest
   669 | D        | Reached skill level 19 in Stealth
   669 | D        | Reached XP level 9. HP: 24/41 MP: 10/10
   689 | D        | Reached ****** piety under Fedhas
   708 | D        | Noticed a gargoyle
   708 | D        | Noticed a phantasmal warrior
   714 | D        | Noticed an orange demon
   720 | D        | Killed an orange demon
   720 | D        | Reached skill level 20 in Stealth
   733 | D        | Killed a phantasmal warrior
   737 | D        | Noticed a phantasmal warrior
   737 | D        | Noticed Harold
   737 | D        | Noticed an ice devil
   746 | D        | Noticed a spiny frog
   748 | D        | Noticed a death yak
   748 | D        | Noticed a two-headed ogre
   750 | D        | Killed a death yak
   750 | D        | Reached XP level 10. HP: 46/46 MP: 11/11
   770 | D        | Killed a two-headed ogre
   770 | D        | Reached skill level 15 in Dodging
   770 | D        | Reached skill level 21 in Stealth
   774 | D        | Killed a spiny frog
   866 | D        | Killed a phantasmal warrior
   883 | D        | Killed a gargoyle
   945 | D        | Reached skill level 10 in Long Blades
   957 | D        | Killed Harold
   957 | D        | Reached skill level 22 in Stealth
  1055 | D        | Noticed a minotaur
  1068 | D        | Noticed a gargoyle
  1073 | D        | Noticed Erolcha
  1078 | D        | Killed a minotaur
  1078 | D        | Reached XP level 11. HP: 47/49 MP: 8/12
  1090 | D        | Killed Erolcha
  1098 | D        | Reached skill level 23 in Stealth
  1116 | D        | Noticed a lindwurm
  1132 | D        | Killed a lindwurm
  1451 | D        | Noticed an orc knight
  1451 | D        | Noticed Gastronok
  1668 | D        | Killed an orc knight
  1775 | D        | Killed Gastronok
  1885 | D        | Noticed a lindwurm
  1892 | D        | Killed a lindwurm
  1897 | D        | Noticed a swamp dragon
  1900 | D        | Killed a swamp dragon
  1900 | D        | Reached skill level 24 in Stealth
  1910 | D        | Noticed a centaur warrior
  1918 | D        | Killed a centaur warrior
  2007 | D        | Noticed an eight-headed hydra
  2007 | D        | Noticed a death yak
  2007 | D        | Noticed a death yak
  2007 | D        | Noticed a wizard
  2008 | D        | Found the +8 mithril axe "Arga" {speed, MR+}
  2008 | D        | Noticed a death yak
  2019 | D        | Killed a death yak
  2021 | D        | Killed a death yak
  2041 | D        | Killed a death yak
  2046 | D        | Reached XP level 12. HP: 53/53 MP: 0/13
  2052 | D        | Reached skill level 1 in Invocations
  2054 | D        | Killed an eight-headed hydra
  2105 | D        | Noticed a death knight
  2138 | D        | Killed a death knight
  2220 | D        | Noticed Josephine
  2239 | D        | Killed Josephine
  2330 | D        | Reached skill level 25 in Stealth
  2414 | D        | Noticed a nagaraja
  2416 | D        | Noticed an orc warlord
  2416 | D        | Noticed an orc warlord
  2418 | D        | Killed a nagaraja
  2418 | D        | Reached skill level 5 in Invocations
  2429 | D        | Noticed a vault guard
  2441 | D        | Reached skill level 10 in Throwing
  2442 | D        | Noticed an ice dragon
  2447 | D        | Noticed an orc warlord
  2455 | D        | Killed a vault guard
  2455 | D        | Reached skill level 5 in Evocations
  2461 | D        | Killed an orc warlord
  2463 | D        | Noticed a vault guard
  2463 | D        | Shot with a bolt by an orc knight

Vault maps used:
D:        pitsprint

Skill      XL: |  1  2  3  4  5  6  7  8  9 10 11 12 |
---------------+-------------------------------------+-----
Dodging        | 3 4 6 8 10 11 13 14 17 19 21 | 21.3
Stealth        | 7 8 11 13 16 17 19 20 22 24 25 | 25.8
Short Blades   | 3 5 6 8 9 10 11 12 | 12.3
Long Blades    | 2 3 5 6 7 8 10 12 | 12.8
Throwing       | 8 10 | 10.6
Invocations    | 6 |  6.7
Evocations     | 6 |  6.6
Fighting       | |  1.5

Action                   |  1- 3 |  4- 6 |  7- 9 | 10-12 || total
-------------------------+-------+-------+-------+-------++-------
Melee: Dagger            |    32 |    11 |     7 |       ||    50
       Rapier            |       |       |    69 |   269 ||   338
 Fire: Blowgun           |       |       |       |     4 ||     4
Invok: Fungal Bloom      |     3 |     2 |     7 |    12 ||    24
       Evolution         |       |       |     2 |    27 ||    29
       Reproduction      |       |       |       |     4 ||     4
       Growth            |       |       |       |     1 ||     1
Evoke: Phial of floods   |       |       |       |     1 ||     1
  Use: Potion            |     1 |     1 |     3 |    10 ||    15
       Scroll            |       |       |     1 |       ||     1
 Stab: Sleeping          |     4 |     4 |    10 |    14 ||    32
       Invisible         |       |       |     3 |       ||     3
       Confused          |       |       |       |    13 ||    13
       Distracted        |       |       |       |     6 ||     6
  Eat: Ration            |       |       |       |     1 ||     1
Armor: Robe              |     2 |     1 |       |     4 ||     7
Dodge: Dodged            |    33 |     6 |    42 |   163 ||   244

Table legend:
 A = Spawn XP
 B = Non-spawn XP
 C = Spawn XP percentage of total XP
 D = Spawn monster count
 E = Non-spawn monster count
 F = Spawn count percentage of total count
 G = Total turns spent on level
                    A         B        C        D         E        F      G
               +---------+---------+-------+---------+---------+-------+---------
         Total |       0 |   34707 |   0.0 |       0 |     122 |   0.0 |  2463
               +---------+---------+-------+---------+---------+-------+---------
             D |       0 |   34707 |   0.0 |       0 |     122 |   0.0 |  2463
               +---------+---------+-------+---------+---------+-------+---------
